 Dungeon Crawl Stone Soup version 0.26-a0-757-g626ac9e51a (webtiles) character file.

Game seed: 5838215575915436414

33 tatingo the Sneak (level 3, -2/18 HPs)
             Began as a Spriggan Brigand on Nov 7, 2020.
             Slain by a hobgoblin (4 damage)
             ... on level 2 of the Dungeon.
             The game lasted 00:02:00 (1550 turns).

tatingo the Sneak (Spriggan Brigand)                Turns: 1550, Time: 00:02:00

Health: -2/18      AC:  3    Str:  8    XL:     3   Next: 12%
Magic:  4/4        EV: 17    Int: 12    God:
Gold:   88         SH:  0    Dex: 17    Spells: 2/2 levels left

rFire    . . .     SeeInvis +   a - +3 dagger
rCold    . . .     Faith    .   (shield restricted)
rNeg     . . .     Spirit   .   b - +0 robe
rPois    .         Reflect  .   (helmet restricted)
rElec    .         Harm     .   c - +0 cloak
rCorr    .         Rampage  .   (gloves unavailable)
MR       .....                  (boots unavailable)
Stlth    ++++......             (no amulet)
HPRegen  0.06/turn              (no ring)
MPRegen  0.09/turn              (no ring)

@: attractive, very quick
A: very small, unfitting armour, see invisible, speed 3
a: no special abilities


You were on level 2 of the Dungeon.
You visited 1 branch of the dungeon, and saw 2 of its levels.

You collected 88 gold pieces.

Inventory:

Hand Weapons
 a - a +3 dagger (weapon)
Missiles
 d - 8 poisoned darts (quivered)
 e - 2 curare-tipped darts
Armour
 b - a +0 robe (worn)
 c - a +0 cloak (worn)
 h - a +0 buckler
Jewellery
 l - an uncursed amulet of the acrobat {unknown}
Scrolls
 j - a scroll of enchant weapon
 k - 3 scrolls of remove curse
Potions
 g - a potion of attraction


   Skills:
 + Level 1.8 Fighting
 * Level 2.6 Short Blades
 + Level 2.1 Throwing
 + Level 1.6 Dodging
 + Level 7.0 Stealth


You had 2 spell levels left.
You didn't know any spells.
Your spell library was empty.

Dungeon Overview and Level Annotations

Branches:
Dungeon (2/15)

Altars:


Innate Abilities, Weirdness & Mutations

You are very small and have problems with some larger weapons.
You are too small for most types of armour.
You have supernaturally acute eyesight. (SInv)
You cover ground extremely quickly.


Message History

You closely miss the adder. The goblin is pulled toward you!
The frilled lizard hisses angrily.
The bat misses you. The adder barely misses you. The bat closely misses you.
The frilled lizard closely misses you. The kobold hits you but does no damage.
The adder bites you but does no damage. The hobgoblin misses you.
You hit the adder.
Flame seeps out of the adder.
The adder is heavily wounded.
The bat hits you but does no damage.
The frilled lizard completely misses you.
The kobold barely misses you. The bat misses you. The adder barely misses you.
You miss the adder.
The adder is heavily wounded.
The bat hits you but does no damage. The hobgoblin closely misses you.
The frilled lizard misses you. The kobold hits you.
* * * LOW HITPOINT WARNING * * *
The adder closely misses you. The bat misses you.
You closely miss the adder.
The adder is heavily wounded.
The bat completely misses you. The hobgoblin hits you.
You die...

#.# .....#.. #.# #.#
...#.# #.. #.# ####.#.#
#.. #K# .#....... #..
#.# ......... #.§##.#
.##.#...... .gl#.# .#
##..... #b#§# #.# #.....
#####@K§###.# ##.....
#....lSlg§....# #......
#....lll§§....## ##....#
#....l.........# #....#
.........>....## ##....#
..............#.##.....#
....#######...##.#.....#
.... #....#.#.....#
#.......######


You could see an adder (inner flame), a hobgoblin (inner flame), a goblin, a bat
(inner flame), a kobold (inner flame) and 6 frilled lizards.

Vanquished Creatures
  A dart slug (D:1)
  7 bats (D:1)
  A giant cockroach (D:1)
  4 goblins (D:1)
  2 hobgoblins (D:1)
  4 jackals (D:1)
  3 kobolds
  2 ball pythons (D:1)
  5 rats (D:1)
29 creatures vanquished.

Notes
Turn   | Place    | Note
-------+----------+-------------------------------------------
     0 | D:1      | tatingo the Spriggan Brigand began the quest for the Orb.
     0 | D:1      | Reached XP level 1. HP: 10/10 MP: 2/2
    16 | D:1      | Reached skill level 6 in Stealth
   282 | D:1      | Reached XP level 2. HP: 8/14 MP: 3/3
  1170 | D:1      | Reached skill level 7 in Stealth
  1170 | D:1      | Reached XP level 3. HP: 18/18 MP: 4/4
  1550 | D:2      | Slain by a hobgoblin

Illustrated notes

Levels and vault maps discovered:
D:1:      heliophobic_arrival_ceremonial_halls, layout_basic, serial_curves,
          eino_curves_02, eino_curves_02
D:2:      layout_basic, chequers_ecumenical_altar_twisty, minmay_lizard_pond

Skill      XL: |  1  2 |
---------------+-------+-----
Stealth        | 6 7 |  7.0
Fighting       | |  1.8
Short Blades   | |  2.6
Throwing       | |  2.1
Dodging        | |  1.6

Action                   || total
-------------------------++-------
Melee: Dagger            ||    94
  Use: Scroll            ||     4
       Potion            ||     1
 Stab: Sleeping          ||     8
Armor: Robe              ||    24
Dodge: Dodged            ||   127

Table legend: (Time is in decaauts)
 A = Elapsed time spent in this place.
 B = Non-inter-level travel time spent in this place.
 C = Inter-level travel time spent in this place.
 D = Time resting spent in this place.
 E = Time spent auto-exploring this place.
 F = Levels seen in this place.
 G = Mean time per level.
                   A        B        C        D        E       F      G
               +--------+--------+--------+--------+--------+-----+--------+
         Total |   1297 |   1290 |      7 |    784 |    328 |   2 |  648.5 |
       Dungeon |   1297 |   1290 |      7 |    784 |    328 |   2 |  648.5 |
               +--------+--------+--------+--------+--------+-----+--------+

Top non-repeatable levels by time:
     D:1: 1250 daAuts
     D:2: 47 daAuts
